 Dungeon Crawl Stone Soup version 0.22-a0-305-gd21a89c (webtiles) character file.

101 Auros the Chopper (level 4, -1/39 HPs)
             Began as a Minotaur Fighter on Mar 30, 2018.
             Was an Initiate of Okawaru.
             Killed from afar by Kaishin's ghost (7 damage)
             ... with a magic dart
             ... on level 3 of the Dungeon.
             The game lasted 00:05:51 (1655 turns).

Auros the Chopper (Minotaur Fighter)                Turns: 1655, Time: 00:05:51

Health: -1/39      AC:  4    Str: 21    XL:     4   Next: 48%
Magic:  3/3        EV:  8    Int:  5    God:    Okawaru [......]
Gold:   106        SH:  9    Dex: 10    Spells: 3/3 levels left

rFire    . . .     SeeInvis .   a - +0 war axe
rCold    . . .     Gourm    .   c - +0 shield
rNeg     . . .     Faith    .   x - +0 leather armour
rPois    .         Spirit   .   (helmet restricted)
rElec    .         Reflect  .   (no cloak)
rCorr    .         Harm     .   i - +0 pair of gloves
MR       .....                  (no boots)
Stlth    +.........             (no amulet)
HPRegen  0.13/turn              (no ring)
MPRegen  0.08/turn              (no ring)

@: no status effects
A: retaliatory headbutt, horns 2
a: Renounce Religion


You were on level 3 of the Dungeon.
You worshipped Okawaru.
Okawaru was noncommittal.
You were hungry.

You visited 1 branch of the dungeon, and saw 3 of its levels.

You collected 106 gold pieces.

Inventory:

Hand Weapons
 a - a +0 war axe (weapon)
Missiles
 h - 7 javelins (quivered)
 j - 166 stones
 l - 23 sling bullets
 o - 16 bolts
 w - 21 poisoned needles
Armour
 b - a +0 scale mail
 c - a +0 shield (worn)
 i - a +0 pair of gloves (worn)
 x - a +0 leather armour (worn)
Jewellery
 r - an uncursed ring of wizardry {unknown}
 u - an uncursed ring of positive energy {unknown}
 B - an uncursed ring of see invisible {unknown}
Scrolls
 g - 3 scrolls of remove curse {unknown}
 m - a scroll of magic mapping {unknown}
 n - a scroll of enchant weapon {unknown}
 p - a scroll of teleportation {unknown}
 q - a scroll of blinking {unknown}
 t - a scroll of identify {unknown}
 y - a scroll of noise {unknown}
 A - a scroll of amnesia {unknown}
Potions
 d - 2 potions of might
 e - 2 potions of heal wounds {unknown}
 k - 2 potions of ambrosia {unknown}
 s - 2 potions of degeneration {unknown}
 v - 2 potions of lignification {unknown}
 z - a potion of agility {unknown}
 C - a potion of curing {unknown}
Comestibles
 f - 7 rations
 D - 2 chunks of flesh


   Skills:
 - Level 3.6 Fighting
 + Level 5.8 Axes
 - Level 3.6 Armour
 - Level 3.6 Shields


You had 3 spell levels left.
You didn't know any spells.

Dungeon Overview and Level Annotations

Branches:
Dungeon (3/15)

Altars:
Dithmenos
Fedhas
Okawaru
The Shining One

Annotations:
D:3 Kaishin's ghost, amateur NaWz


Innate Abilities, Weirdness & Mutations

You reflexively headbutt those who attack you in melee.
You have a pair of horns on your head.


Message History

You are too injured to fight recklessly!
You are too injured to fight recklessly!
You are too injured to fight recklessly!
You are too injured to fight recklessly!
You are too injured to fight recklessly!
You are too injured to fight recklessly!
You are too injured to fight recklessly!
You are too injured to fight recklessly!
You are too injured to fight recklessly!
You are too injured to fight recklessly!
You are too injured to fight recklessly!
Kaishin's ghost points at you and mumbles some strange words.
The magic dart hits you!
You are feeling hungry.
Kaishin's ghost points at you and mumbles some strange words.
The magic dart hits you!
* * * LOW HITPOINT WARNING * * *
Kaishin's ghost gestures at you while chanting.
The magic dart hits you!
You die...

......................#
............###.......#
......................+
............###.......##
..#............W........
..........#..##..#......
......[...#.....?.......
........................ ..
.............##.@#.....# ...#
#+##...##.#..##..#.....###...#
.............................#.#
#......##.#..##..................
###....####..##>.#..##...........
# ##..## #......#..#............
# ....# #...................... #
...## #......#..#............ #
#.## #......#...............


You could see Kaishin's ghost.

Vanquished Creatures
  A worker ant (D:3)
  An adder (D:3)
  An ooze (D:1)
  A worm (D:3)
  A dart slug (D:1)
  An orc (D:3)
  3 giant cockroaches
  10 goblins
  6 hobgoblins
  4 jackals (D:1)
  7 kobolds
  A quokka (D:3)
  2 ball pythons
  5 bats
  2 frilled lizards
  10 rats
56 creatures vanquished.

Notes
Turn   | Place    | Note
-------+----------+-------------------------------------------
     0 | D:1      | Auros the Minotaur Fighter began the quest for the Orb.
     0 | D:1      | Reached XP level 1. HP: 19/19 MP: 0/0
    67 | D:1      | Reached skill level 3 in Axes
    67 | D:1      | Reached XP level 2. HP: 24/26 MP: 1/1
   126 | D:1      | Reached skill level 4 in Axes
   164 | D:1      | Reached XP level 3. HP: 31/31 MP: 2/2
   968 | D:2      | Found a shadowy altar of Dithmenos.
  1008 | D:2      | Found an iron altar of Okawaru.
  1018 | D:2      | Found a blossoming altar of Fedhas.
  1046 | D:2      | Reached skill level 5 in Axes
  1129 | D:2      | Became a worshipper of Warmaster Okawaru
  1195 | D:2      | Found a glowing golden altar of the Shining One.
  1370 | D:3      | Reached XP level 4. HP: 21/39 MP: 3/3
  1640 | D:3      | Noticed Kaishin's ghost (amateur NaWz)
  1655 | D:3      | Killed from afar by Kaishin's ghost

Vault maps used:
D:1:      onia_arrival_pentagram, minmay_unequal
D:2:      grunt_temple_overflow_open, nicolae_tso_swordbearing_angel,
          first_ration, nicolae_dithmenos_shadow_blocks
D:3:      marbit_many_paths, okawaru_trees_2, uniq_crazy_yiuf_cottage

Skill      XL: |  1  2  3 |
---------------+----------+-----
Axes           | 3 4 5 |  5.8
Fighting       | |  3.6
Armour         | |  3.6
Shields        | |  3.6

Action                   |  1- 3 |  4- 6 || total
-------------------------+-------+-------++-------
Melee: War axe           |    88 |    18 ||   106
       Headbutt          |    10 |     2 ||    12
Throw: Javelin           |     5 |       ||     5
  Use: Scroll            |     1 |       ||     1
  Eat: Chunk             |     2 |       ||     2
Armor: Scale mail        |    42 |       ||    42
       Leather armour    |     4 |     2 ||     6
Dodge: Dodged            |    27 |     4 ||    31
Block: Shield            |    45 |     5 ||    50

Table legend:
 A = Spawn XP
 B = Non-spawn XP
 C = Spawn XP percentage of total XP
 D = Spawn monster count
 E = Non-spawn monster count
 F = Spawn count percentage of total count
 G = Total turns spent on level
                    A         B        C        D         E        F      G
               +---------+---------+-------+---------+---------+-------+---------
         Total |       0 |     145 |   0.0 |       0 |      56 |   0.0 |  1655
               +---------+---------+-------+---------+---------+-------+---------
           D:1 |       0 |      61 |   0.0 |       0 |      33 |   0.0 |   673
           D:2 |       0 |      19 |   0.0 |       0 |      11 |   0.0 |   673
           D:3 |       0 |      65 |   0.0 |       0 |      12 |   0.0 |   309
               +---------+---------+-------+---------+---------+-------+---------
